 Dungeon Crawl Stone Soup version 0.26-a0-670-g578ab304f5 (webtiles) character file.

Game seed: 11014687535576753482

3948 PentaManta the Grappler (level 10, -2/81 HPs)
             Began as a Ghoul Fighter on Oct 19, 2020.
             Was a Follower of Okawaru.
             Slain by an orc wizard
             ... wielding a +2 dagger of electrocution
              (20 damage)
             ... on level 8 of the Dungeon.
             The game lasted 00:14:36 (8684 turns).

PentaManta the Grappler (Ghoul Fighter)             Turns: 8684, Time: 00:14:36

Health: -2/81      AC: 13    Str: 24    XL:     10   Next: 21%
Magic:  7/9        EV: 14    Int:  9    God:    Okawaru [*.....]
Gold:   534        SH: 12    Dex:  8    Spells: 9/9 levels left

rFire    . . .     SeeInvis .     - Unarmed
rCold    + . .     Faith    .   b - +0 kite shield
rNeg     + + +     Spirit   .   a - +0 scale mail
rPois    ∞         Reflect  .   d - +0 helmet
rElec    .         Harm     .   p - +1 cloak {rPois}
rCorr    .         Rampage  .   (no gloves)
MR       .....                  (no boots)
Stlth    +.........             (no amulet)
HPRegen  0.00/turn              w - +6 ring of intelligence
MPRegen  0.11/turn              (no ring)

@: heroism, studying Long Blades
A: rotting body, claws 1, cold resistance 1, negative energy resistance 3,
inhibited regeneration, torment resistance, unbreathing
a: Heroism, Renounce Religion


You were on level 8 of the Dungeon.
You worshipped Okawaru.
Okawaru was aware of your devotion.
You visited 2 branches of the dungeon, and saw 9 of its levels.

You collected 534 gold pieces.

Inventory:

Hand Weapons
 h - a +2 short sword of venom
Missiles
 s - a throwing net (quivered)
Armour
 a - a +0 scale mail (worn)
 b - a +0 kite shield (worn)
 d - a +0 helmet (worn)
 p - a +1 cloak of poison resistance (worn)
Jewellery
 w - a +6 ring of intelligence (left claw)
Wands
 e - a wand of random effects (20)
 f - a wand of polymorph (11)
 o - a wand of digging (8)
Scrolls
 k - a scroll of remove curse
 q - a scroll of fog {unknown}
 r - a scroll of teleportation
 t - a scroll of identify
 x - a scroll of fear {unknown}
Potions
 c - a potion of might
 i - 5 potions of ambrosia
 j - 5 potions of curing
 l - a potion of stabbing
 m - 2 potions of flight
 n - a potion of magic
 v - a potion of haste
Books
 g - a manual of Long Blades


   Skills:
 - Level 5.0(10.0) Fighting
 * Level 6.3(11.3) Armour
 * Level 5.5(10.5) Dodging
 * Level 6.6(11.6) Shields
 + Level 9.7(14.7) Unarmed Combat


You had 9 spell levels left.
You didn't know any spells.
Your spell library contained the following spells:

 Spells                   Type           Power        Failure   Level
 Magic Dart               Conj           #...         77%         1
 Blink                    Tloc           N/A          88%         2
 Call Imp                 Summ           #.......     88%         2
 Slow                     Hex            #.......     88%         2
 Conjure Flame            Conj/Fire      #.......     98%         3
 Mephitic Cloud           Conj/Pois/Air  #.......     98%         3


Dungeon Overview and Level Annotations

Branches:
Dungeon (8/15)             Temple (1/1) D:7
   Lair: D:8-11

Altars:
Ashenzari
Cheibriados
Dithmenos
Elyvilon
Fedhas
Gozag
Hepliaklqana
Kikubaaqudgha
Makhleb
Nemelex Xobeh
Okawaru
Qazlal
Ru
Sif Muna
Trog
Uskayaw
Vehumet
Wu Jian
Xom
Yredelemnul
Zin
The Shining One

Shops:
D:4 (   D:7 =

Annotations:
D:8 Grum


Innate Abilities, Weirdness & Mutations

Your body is rotting away.
You thrive by killing the living.
You are immune to poison.
You have sharp fingernails.
Your flesh is cold resistant. (rC+)
You are immune to negative energy. (rN+++)
You do not regenerate when monsters are visible.
You are immune to unholy pain and torment.
You can survive without breathing.


Message History

Something hits you but does no damage.
You are electrocuted!
* * * LOW HITPOINT WARNING * * *
You block Grum's attack. Something completely misses you.
Grum hits you but does no damage.
Okay, then.
You gain the combat prowess of a mighty hero.
Something hits you but does no damage. x2; You are electrocuted!
* * * LOW HITPOINT WARNING * * *
The orc warrior hits you but does no damage.
You block Grum's attack.
You feel much better. Something barely misses you. Grum barely misses you.
The orc priest invokes the aid of Beogh against you.
Beogh smites you!
* * * LOW HITPOINT WARNING * * *
Something hits you.
* * * LOW HITPOINT WARNING * * *
Something hits you.
* * * LOW HITPOINT WARNING * * *
You are electrocuted!!
You die...

# .# . .# ..#
#######o.# #...g.o..#
...# #. #...#.# ...#
#.#.# #...oh# ...#
#.#.# #.....# # ...#
#.#.# #..@.##..#
...#.#.#.#######..?...#
.....................##
...#.##.......##.#####
.......>......##.#
#.##.##.......##.# # #
#.##.#####.. # #.
#..#.# ### #+##.###.#.#


You could see Grum, an orc warrior, a wolf, an orc priest and an orc.

Vanquished Creatures
  Maggie (D:6)
  Grinder (D:5)
  Sigmund (D:3)
  A wyvern (D:8)
  An ice beast (D:6)
  2 orc warriors
  2 black bears
  4 phantoms
  2 ogres
  A wolf (D:8)
  6 centaurs
  2 bullfrogs (D:7)
  A gnoll sergeant (D:7)
  A water moccasin zombie (D:7)
  A scorpion (D:8)
  5 wights (D:8)
  2 electric eels (D:7)
  A howler monkey (D:4)
  A bullfrog zombie (D:6)
  3 jellies
  3 orc priests
  Crazy Yiuf (D:3)
  A gnoll shaman (D:8)
  3 hounds
  4 orc wizards
  A bullfrog skeleton (D:4)
  Natasha (twice) (D:2)
  An iguana (D:6)
  2 worker ants
  A hound skeleton (D:7)
  2 howler monkey zombies
  A worker ant zombie (D:8)
  11 gnolls
  10 adders
  4 white imps
  2 ufetubi
  An ooze (D:3)
  2 adder zombies (D:6)
  3 worms
  2 dart slugs
  5 leopard geckos
  26 orcs
  A ball python (D:2)
  15 bats
  5 giant cockroaches
  6 hobgoblins
  16 jackals
  4 quokkas
  7 frilled lizards
  9 goblins
  6 kobolds
  A quokka skeleton (D:4)
  5 rats
202 creatures vanquished.

Vanquished Creatures (others)
  16 plants (D:7)
16 creatures vanquished.

Grand Total: 218 creatures vanquished

Notes
Turn   | Place    | Note
-------+----------+-------------------------------------------
     0 | D:1      | PentaManta the Ghoul Fighter began the quest for the Orb.
     0 | D:1      | Reached XP level 1. HP: 19/19 MP: 0/0
   147 | D:1      | Reached XP level 2. HP: 19/26 MP: 1/1
   149 | D:1      | Reached skill level 3 in Unarmed Combat
   404 | D:1      | Reached XP level 3. HP: 31/31 MP: 2/2
   579 | D:2      | Reached skill level 4 in Unarmed Combat
   726 | D:2      | Reached XP level 4. HP: 38/38 MP: 3/3
   954 | D:2      | Noticed Natasha
   962 | D:2      | Killed Natasha
   962 | D:2      | Reached skill level 5 in Unarmed Combat
  1212 | D:2      | Reached XP level 5. HP: 35/45 MP: 4/4
  1501 | D:2      | Found a blossoming altar of Fedhas.
  1613 | D:2      | Noticed Natasha
  1621 | D:2      | Killed Natasha
  1815 | D:3      | Noticed Sigmund
  1834 | D:3      | Killed Sigmund
  1834 | D:3      | Reached skill level 6 in Unarmed Combat
  1834 | D:3      | Reached XP level 6. HP: 36/51 MP: 5/5
  2132 | D:3      | Found a runed translucent door.
  2133 | D:3      | Noticed Crazy Yiuf
  2576 | D:3      | Reached skill level 7 in Unarmed Combat
  2806 | D:3      | Killed Crazy Yiuf
  2806 | D:3      | Reached XP level 7. HP: 43/57 MP: 6/6
  3256 | D:4      | Reached skill level 8 in Unarmed Combat
  3726 | D:4      | Reached XP level 8. HP: 63/63 MP: 7/7
  3884 | D:4      | Found Comiaxal's Antique Weapon Boutique.
  3994 | D:4      | Reached skill level 1 in Dodging
  4159 | D:5      | Entered Level 5 of the Dungeon
  4198 | D:5      | Noticed Grinder
  4203 | D:5      | Killed Grinder
  4590 | D:5      | Reached skill level 5 in Shields
  5052 | D:6      | Noticed Maggie
  5072 | D:6      | Killed Maggie
  5072 | D:6      | Reached skill level 9 in Unarmed Combat
  5072 | D:6      | Reached XP level 9. HP: 6/72 MP: 8/8
  5962 | D:6      | Reached skill level 5 in Armour
  6351 | D:7      | Reached skill level 5 in Fighting
  7269 | D:7      | Found a snail-covered altar of Cheibriados.
  7325 | D:7      | Found Guitt's Jewellery Emporium.
  7389 | D:7      | Found a staircase to the Ecumenical Temple.
  7396 | Temple   | Entered the Ecumenical Temple
  7727 | Temple   | Became a worshipper of Warmaster Okawaru
  8112 | D:8      | Reached skill level 5 in Dodging
  8144 | D:8      | Reached XP level 10. HP: 54/81 MP: 9/9
  8157 | D:8      | Reached * piety under Okawaru
  8661 | D:8      | Noticed Grum
  8681 | D:8      | HP: 4/81 [something (12)]
  8684 | D:8      | Slain by an orc wizard

Illustrated notes

Levels and vault maps discovered:
D:1:      mrwooster_arrival_arrow, layout_rooms, nrook_mini_vaults
D:2:      layout_basic, fedhas_altar_4, uniq_natasha
D:3:      minmay_door_path, layout_basic, minmay_statues_item, uniq_sigmund,
          uniq_crazy_yiuf_cottage
D:4:      layout_layer_cave, serial_shops, nicolae_shop_window_shopping,
          kennysheep_generic_room_7
D:5:      layout_loops_cross, minmay_manual_mares, uniq_grinder
D:6:      layout_cave_pools, chequers_serial_rivers_micro_b, uniq_maggie
D:7:      layout_basic, kennysheep_little_box, minmay_temple_entry_hall,
          serial_shops, shop, serial_bayou, serial_bayou_pond_c,
          serial_bayou_pond_d, serial_bayou_ford_a, serial_bayou_pond_a,
          hangedman_abyss_or_decor_passed
D:8:      layout_basic, special_room [special_room_orc], uniq_grum
Temple:   kilobyte_greek_temple

Skill      XL: |  1  2  3  4  5  6  7  8  9 10 |
---------------+-------------------------------+-----
Unarmed Combat | 3 4 5 6 7 8 9 |  9.7
Shields        | 3 4 5 6 |  6.6
Armour         | 4 5 6 |  6.3
Dodging        | 3 5 |  5.5
Fighting       | 4 5 |  5.0

Action                   |  1- 3 |  4- 6 |  7- 9 | 10-12 || total
-------------------------+-------+-------+-------+-------++-------
Melee: Unarmed           |   111 |   166 |   400 |    75 ||   752
Invok: Heroism           |       |       |       |     1 ||     1
Evoke: Wand              |       |     1 |       |       ||     1
  Use: Potion            |       |     3 |       |     1 ||     4
       Scroll            |       |       |    14 |       ||    14
Armor: Scale mail        |    77 |    62 |   157 |    31 ||   327
Dodge: Dodged            |    47 |    42 |   145 |    36 ||   270
Block: Kite shield       |    52 |    60 |   202 |    37 ||   351

Table legend: (Time is in decaauts)
 A = Elapsed time spent in this place.
 B = Non-inter-level travel time spent in this place.
 C = Inter-level travel time spent in this place.
 D = Time resting spent in this place.
 E = Time spent auto-exploring this place.
 F = Levels seen in this place.
 G = Mean time per level.
                   A        B        C        D        E       F      G
               +--------+--------+--------+--------+--------+-----+--------+
         Total |   8651 |   8431 |    220 |   1429 |   5529 |   9 |  961.2 |
       Dungeon |   8282 |   8106 |    176 |   1273 |   5392 |   8 | 1035.2 |
        Temple |    369 |    325 |     44 |    156 |    137 |   1 |  369.0 |
               +--------+--------+--------+--------+--------+-----+--------+

Top non-repeatable levels by time:
     D:3: 1382 daAuts
     D:2: 1176 daAuts
     D:7: 1152 daAuts
     D:5: 1092 daAuts
     D:6: 1074 daAuts
     D:4: 1030 daAuts
     D:8: 809 daAuts
     D:1: 563 daAuts
  Temple: 369 daAuts
